 Dungeon Crawl Stone Soup version 0.23.2-33-g5129a83184 (webtiles) character file.

Game seed: 7220732364531956661

1390 troglodite the Charmwright (level 8, 0/64 HPs)
             Began as a Gnoll Skald on July 5, 2019.
             Was a Priest of Kikubaaqudgha.
             Slain by a killer bee (4 damage)
             ... on level 6 of the Dungeon.
             The game lasted 00:17:44 (5766 turns).

troglodite the Charmwright (Gnoll Skald)            Turns: 5766, Time: 00:17:47

Health: 0/64       AC:  6    Str: 14    XL:     8   Next: 68%
Magic:  15/17      EV: 15    Int: 22    God:    Kikubaaqudgha [***...]
Gold:   235        SH:  4    Dex: 24    Spells: 6/19 levels left

rFire    . . .     SeeInvis +   s - +6 short sword of Overwhelming Force {pierce, rC+ Dex+3 SInv}
rCold    + . .     Gourm    +   (no shield)
rNeg     . . .     Faith    .   k - +1 ring mail
rPois    .         Spirit   .   (no helmet)
rElec    .         Reflect  .   (no cloak)
rCorr    .         Harm     .   (no gloves)
MR       .....                  (no boots)
Stlth    ++........             a - amulet of the gourmand
HPRegen  0.20/turn              f - +5 ring of dexterity
MPRegen  0.15/turn              (no ring)

@: lethally poisoned (0 -> -1)
A: distributed training, fangs 1, large bone plates 1, agile 1, clever 2, strong
nose
a: Receive Corpses, Renounce Religion


You were on level 6 of the Dungeon.
You worshipped Kikubaaqudgha.
Kikubaaqudgha was most pleased with you.
You were completely stuffed.

You visited 1 branch of the dungeon, and saw 8 of its levels.
You also visited: Sewer.

You collected 235 gold pieces.

Inventory:

Hand Weapons
 r - a +0 trident
 s - the +6 short sword of Overwhelming Force (weapon) {pierce, rC+ Dex+3 SInv}
   (You found it on level 4 of the Dungeon)

   It inflicts extra damage upon your enemies.
   It affects your dexterity (+3).
   It protects you from cold.
   It lets you see invisible.
Armour
 k - a +1 ring mail (worn)
Jewellery
 a - an amulet of the gourmand (around neck)
 f - a +5 ring of dexterity (left hand)
 x - an uncursed ring of magical power {unknown}
Wands
 j - a wand of iceblast (12)
 o - a wand of paralysis (7)
Scrolls
 c - a scroll of magic mapping
 g - a scroll of fog
 l - 2 scrolls of enchant armour
 m - 2 scrolls of teleportation {unknown}
 n - 5 scrolls of identify {unknown}
 p - a scroll of random uselessness {unknown}
 t - 2 scrolls of enchant weapon {unknown}
 u - a scroll of remove curse
 w - a scroll of blinking {unknown}
Potions
 e - a potion of haste
 i - 2 potions of lignification
 q - a potion of resistance
 v - a potion of ambrosia {unknown}
 A - a potion of curing {unknown}
Comestibles
 d - 10 rations


   Skills:
 + Level 5.8 Fighting
 + Level 3.4 Short Blades
 + Level 3.4 Long Blades
 + Level 3.4 Axes
 + Level 3.4 Maces & Flails
 + Level 5.8 Polearms
 + Level 3.4 Staves
 + Level 3.4 Slings
 + Level 3.4 Bows
 + Level 3.4 Crossbows
 + Level 3.4 Throwing
 + Level 4.3 Armour
 + Level 5.8 Dodging
 + Level 3.4 Stealth
 + Level 3.4 Shields
 + Level 3.4 Unarmed Combat
 + Level 6.1 Spellcasting
 + Level 2.8 Conjurations
 + Level 2.8 Hexes
 + Level 6.2 Charms
 + Level 2.8 Summonings
 + Level 2.8 Necromancy
 + Level 2.8 Translocations
 + Level 2.8 Transmutations
 + Level 2.8 Fire Magic
 + Level 2.8 Ice Magic
 + Level 2.8 Air Magic
 + Level 2.8 Earth Magic
 + Level 2.8 Poison Magic
 + Level 3.7 Invocations
 + Level 3.4 Evocations


You had 6 spell levels left.
You knew the following spells:

 Your Spells              Type           Power        Failure   Level  Hunger
a - Infusion              Chrm           ####         1%          1    None
b - Spectral Weapon       Hex/Chrm       ####....     9%          3    #......
c - Regeneration          Chrm/Necr      ####......   9%          3    #......
d - Pain                  Necr           ###.         5%          1    None
e - Agony                 Necr           ###.....     83%         5    #####..

Your spell library contained the following spells:

 Spells                   Type           Power        Failure   Level  Hunger
 Song of Slaying          Chrm           ####....     1%          2    None
 Shroud of Golubria       Chrm/Tloc      ####......   4%          2    None
 Animate Skeleton         Necr           N/A          5%          1    None
 Sublimation of Blood     Necr           ###.......   9%          2    None
 Excruciating Wounds      Chrm/Necr      ####......   58%         5    #####..
 Dispel Undead            Necr           ###.....     83%         5    #####..
 Death Channel            Necr           ###.......   100%        6    ######.
 Simulacrum               Ice/Necr       ###.......   100%        6    ######.


Dungeon Overview and Level Annotations

Branches:
Dungeon (8/15)
 Temple: D:4-7         Lair: D:8-11

Altars:
Gozag
Kikubaaqudgha

Shops:
D:5 [

Annotations:
D:4 2 transporters
D:6 Blork the orc


Innate Abilities, Weirdness & Mutations

Your experience applies equally to all skills.
You have very sharp teeth.
Your uncanny sense of smell can sniff out nearby items.
You are partially covered in large bone plates. (SH +4)
You are agile. (Dex +2)
Your mind is very acute. (Int +4)


Message History

Your spectral weapon shares its damage with you!
* * * LOW HITPOINT WARNING * * *
The killer bee stings you.
* * * LOW HITPOINT WARNING * * *
The bullfrog closely misses you.
It was a potion of might.
You feel very mighty all of a sudden. The killer bee closely misses you.
The hound zombie bites you but does no damage.
The bullfrog barely misses you. The killer bee closely misses you.
Blork the orc hits your spectral weapon with a +0 mace.
Your spectral weapon shares its damage with you!
* * * LOW HITPOINT WARNING * * *
It was a potion of cancellation.
Your magical effects are unravelling.
You feel magically purged.
You feel a little less mighty now. The killer bee stings you.
You die...
Kikubaaqudgha rasps: "You have failed me!
Welcome... death!"

.. #.. ...
###.###
...##.....##
...........##
...)........#
............#
............#
......†@Z...#
......Foy...#
.......(....#
...........##
...........#
..###P.P##.#
. ##.## .# ..
.#


You could see Blork the orc, a bullfrog, a killer bee, a hound zombie and a
friendly spectral +6 short sword of Overwhelming Force {pierce, rC+ Dex+3 SInv}.

Vanquished Creatures
  Grinder (D:5)
  Eustachio (D:5)
  An ice beast (D:3)
  An orc warrior (D:7)
  An ogre (D:4)
  2 bullfrogs (Sewer)
  2 scorpions
  A howler monkey (D:5)
  A crimson imp (D:8)
  5 orc priests (D:4)
  A jelly (D:5)
  An orc wizard (D:4)
  2 worker ants
  Ijyb (D:4)
  A mummy (D:5)
  4 gnolls (D:2)
  6 adders
  An ooze (D:2)
  A worm (D:2)
  3 dart slugs
  3 leopard geckos
  23 orcs
  5 bats
  7 giant cockroaches
  11 goblins
  11 hobgoblins
  A quokka (D:4)
  5 ball pythons
  14 frilled lizards
  A hobgoblin zombie (D:5)
  4 kobolds
  3 kobold zombies (D:5)
  A leopard gecko skeleton (D:4)
  4 rats
130 creatures vanquished.

Vanquished Creatures (others)
  2 spectral weapons
2 creatures vanquished.

Grand Total: 132 creatures vanquished

Notes
Turn   | Place    | Note
-------+----------+-------------------------------------------
     0 | D:1      | troglodite the Gnoll Skald began the quest for the Orb.
     0 | D:1      | Reached XP level 1. HP: 20/20 MP: 6/6
   132 | D:1      | Reached XP level 2. HP: 26/26 MP: 7/7
   703 | D:2      | Reached XP level 3. HP: 31/31 MP: 9/9
   708 | D:2      | Learned a level 3 spell: Spectral Weapon
   712 | D:2      | Learned a level 3 spell: Regeneration
   737 | D:2      | Reached skill level 5 in Spellcasting
   792 | D:2      | Reached skill level 1 in Invocations
   910 | D:2      | Reached skill level 1 in Short Blades
   910 | D:2      | Reached skill level 1 in Long Blades
   910 | D:2      | Reached skill level 1 in Axes
   910 | D:2      | Reached skill level 1 in Maces & Flails
   910 | D:2      | Reached skill level 1 in Staves
   910 | D:2      | Reached skill level 1 in Slings
   910 | D:2      | Reached skill level 1 in Bows
   910 | D:2      | Reached skill level 1 in Crossbows
   910 | D:2      | Reached skill level 1 in Throwing
   910 | D:2      | Reached skill level 1 in Stealth
   910 | D:2      | Reached skill level 1 in Shields
   910 | D:2      | Reached skill level 1 in Unarmed Combat
   910 | D:2      | Reached skill level 1 in Evocations
  1009 | D:2      | Reached XP level 4. HP: 30/38 MP: 11/11
  1050 | D:2      | Reached skill level 1 in Conjurations
  1050 | D:2      | Reached skill level 1 in Hexes
  1050 | D:2      | Reached skill level 1 in Summonings
  1050 | D:2      | Reached skill level 1 in Necromancy
  1050 | D:2      | Reached skill level 1 in Translocations
  1050 | D:2      | Reached skill level 1 in Transmutations
  1050 | D:2      | Reached skill level 1 in Fire Magic
  1050 | D:2      | Reached skill level 1 in Ice Magic
  1050 | D:2      | Reached skill level 1 in Air Magic
  1050 | D:2      | Reached skill level 1 in Earth Magic
  1050 | D:2      | Reached skill level 1 in Poison Magic
  1313 | D:2      | Found a faded altar of an unknown god.
  1368 | D:2      | Became a worshipper of Kikubaaqudgha
  1368 | D:2      | Reached * piety under Kikubaaqudgha
  1368 | D:2      | Identified Kikubaaqudgha's Volume of Stolen Souls
                  | (Kikubaaqudgha gifted it to you on level 2 of the Dungeon)
  1368 | D:2      | Received a gift from Kikubaaqudgha
  1374 | D:2      | Learned a level 1 spell: Pain
  1905 | D:3      | HP: 1/38 [orc/+0 dagger (3)]
  1908 | D:3      | Gained mutation: You have a pair of small antennae on your
                  | head. [potion of mutation]
  1908 | D:3      | Gained mutation: You are resistant to hostile enchantments.
                  | (MR+) [potion of mutation]
  1908 | D:3      | Gained mutation: You expend magic power (3 MP) to
                  | strengthen your wands. [potion of mutation]
  1908 | D:3      | Gained mutation: Your mind is acute. (Int +2) [potion of
                  | mutation]
  1910 | D:3      | HP: 1/57 [worker ant (2)]
  1911 | D:3      | Reached XP level 5. HP: 1/43 MP: 3/12
  1915 | D:3      | HP: 3/64 [poisoned by a worker ant]
  1974 | D:3      | Reached ** piety under Kikubaaqudgha
  2425 | D:3      | Noticed an ice beast
  2458 | D:3      | Killed an ice beast
  2458 | D:3      | Reached XP level 6. HP: 16/50 MP: 6/13
  3017 | D:3      | Found an opulent altar of Gozag.
  3135 | D:4      | Found a transporter.
  3346 | D:4      | Reached skill level 5 in Fighting
  3346 | D:4      | Reached skill level 5 in Polearms
  3346 | D:4      | Reached skill level 5 in Dodging
  3713 | D:4      | Noticed Ijyb
  3722 | D:4      | Killed Ijyb
  3798 | D:4      | Reached XP level 7. HP: 23/56 MP: 11/15
  4088 | D:4      | Got a pitted short sword
  4089 | D:4      | Identified the +6 short sword of Overwhelming Force
                  | {pierce, rC+ Dex+3 SInv} (You found it on level 4 of the
                  | Dungeon)
  4257 | D:4      | Lost mutation: You have a pair of small antennae on your
                  | head. [potion of mutation]
  4257 | D:4      | Lost mutation: Your mind is acute. (Int +2) [potion of
                  | mutation]
  4257 | D:4      | Lost mutation: You expend magic power (3 MP) to strengthen
                  | your wands. [potion of mutation]
  4257 | D:4      | Lost mutation: You are resistant to hostile enchantments.
                  | (MR+) [potion of mutation]
  4257 | D:4      | Gained mutation: You are agile. (Dex +2) [potion of
                  | mutation]
  4257 | D:4      | Gained mutation: Your mind is acute. (Int +2) [potion of
                  | mutation]
  4257 | D:4      | Gained mutation: You are partially covered in large bone
                  | plates. (SH +4) [potion of mutation]
  4257 | D:4      | Gained mutation: Your mind is very acute. (Int +4) [potion
                  | of mutation]
  4270 | D:4      | Found a transporter.
  4270 | D:4      | Noticed a fire bat
  4277 | D:4      | Noticed a fire bat
  4720 | D:5      | Entered Level 5 of the Dungeon
  4720 | D:5      | Noticed Grinder
  4733 | D:5      | Killed Grinder
  4733 | D:5      | Reached XP level 8. HP: 48/63 MP: 13/16
  4761 | D:5      | Found a glowing drain.
  4764 | D:5      | Reached *** piety under Kikubaaqudgha
  4764 | D:5      | Identified Kikubaaqudgha's Papyrus of Unholy Arts
                  | (Kikubaaqudgha gifted it to you on level 5 of the Dungeon)
  4764 | D:5      | Received a gift from Kikubaaqudgha
  4773 | D:5      | Noticed Eustachio
  4781 | Sewer    | Entered a sewer
  4873 | Sewer    | Learned a level 5 spell: Agony
  5180 | D:5      | Killed Eustachio
  5609 | D:5      | Found Ufiolaev's Antique Armour Emporium.
  5726 | D:5      | You fall through a shaft for 3 floors!
  5748 | D:7      | Noticed a hippogriff
  5755 | D:6      | Noticed Blork the orc
  5766 | D:6      | Slain by a killer bee

Skill      XL: |  1  2  3  4  5  6  7  8 |
---------------+-------------------------+-----
Spellcasting   | 5 6 |  6.1
Invocations    | 1 2 3 |  3.7
Short Blades   | 1 2 3 |  3.4
Long Blades    | 1 2 3 |  3.4
Axes           | 1 2 3 |  3.4
Maces & Flails | 1 2 3 |  3.4
Staves         | 1 2 3 |  3.4
Slings         | 1 2 3 |  3.4
Bows           | 1 2 3 |  3.4
Crossbows      | 1 2 3 |  3.4
Throwing       | 1 2 3 |  3.4
Stealth        | 1 2 3 |  3.4
Shields        | 1 2 3 |  3.4
Unarmed Combat | 1 2 3 |  3.4
Evocations     | 1 2 3 |  3.4
Conjurations   | 1 2 |  2.8
Hexes          | 1 2 |  2.8
Summonings     | 1 2 |  2.8
Necromancy     | 1 2 |  2.8
Translocations | 1 2 |  2.8
Transmutations | 1 2 |  2.8
Fire Magic     | 1 2 |  2.8
Ice Magic      | 1 2 |  2.8
Air Magic      | 1 2 |  2.8
Earth Magic    | 1 2 |  2.8
Poison Magic   | 1 2 |  2.8
Armour         | 3 4 |  4.3
Fighting       | 5 |  5.8
Polearms       | 5 |  5.8
Dodging        | 5 |  5.8
Charms         | 6 |  6.2

Action                   |  1- 3 |  4- 6 |  7- 9 || total
-------------------------+-------+-------+-------++-------
Melee: Spear             |   115 |   229 |       ||   344
       Bite              |     8 |    30 |    24 ||    62
       Trident           |       |    58 |     8 ||    66
       Punch             |       |     3 |       ||     3
       Short sword       |       |       |   128 ||   128
 Cast: Pain              |       |     7 |     6 ||    13
       Regeneration      |       |     6 |       ||     6
       Spectral Weapon   |       |     5 |     6 ||    11
  Use: Potion            |       |     3 |     3 ||     6
       Scroll            |       |     4 |     1 ||     5
 Stab: Sleeping          |     4 |     4 |       ||     8
       Distracted        |       |       |     1 ||     1
  Eat: Chunk             |       |    10 |    22 ||    32
Armor: Leather armour    |    14 |    10 |       ||    24
       Skin              |       |   107 |       ||   107
       Ring mail         |       |    36 |    45 ||    81
Dodge: Dodged            |    59 |   162 |   140 ||   361
Block: Other             |       |       |    25 ||    25
